 Dungeon Crawl Stone Soup version 0.17-a0-1987-gaf5a542 (webtiles) character file.

234302 4thArraOfDagon the Executioner (level 19, -7/142 HPs)
             Began as a Naga Berserker on Oct 6, 2015.
             Was a Priest of Trog.
             Mangled by a juggernaut (77 damage)
             ... on level 4 of the Depths.
             The game lasted 01:24:21 (13805 turns).

4thArraOfDagon the Executioner (Naga Berserker)    Turns: 13805, Time: 01:24:21

Health: -7/142     AC: 42    Str: 21    XL:     19   Next: 14%
Magic:  22/22      EV: 15    Int: 13    God:    Trog [***...]
Gold:   1098       SH:  0    Dex: 27    Spells: 0 memorised, 18 levels left

rFire  . . .     SeeInvis +     U - +7 battleaxe "Qounuta" {speed, Str+2}
rCold  . . .     Clarity  +     D - +14 chain mail of Inevitability {Dex+10}
rNeg   . . .     SustAt   .     (no shield)
rPois  +         Gourm    .     (no helmet)
rElec  .         Spirit   .     p - +0 cloak
rCorr  .         Warding  .     T - +2 pair of gloves
rMut   .         Stasis   .     a - +3 naga barding {Stlth+}
MR     +++++                    d - amulet of clarity
Stlth  ..........               s - ring of protection from magic
                                u - +5 ring of dexterity

@: lethally poisoned (-7 -> -7), exhausted, regenerating, slowed, very slow,
almost entirely resistant to hostile enchantments, extremely unstealthy
A: see invisible, blink, deformed body, frail 2, poison resistance, slowness 2,
slow metabolism 1, spit poison 3, weak 1, constrict 1, AC +6
a: Breathe Poison Gas, Blink, Burn Spellbooks, Berserk, Trog's Hand, Renounce
Religion
}: 2/15 runes: decaying, serpentine


You were on level 4 of the Depths.
You worshipped Trog.
Trog was most pleased with you.
You were near starving.

You visited 7 branches of the dungeon, and saw 42 of its levels.
You also visited: Labyrinth and Volcano.

You collected 2478 gold pieces.
You spent 1380 gold pieces at shops.

Inventory:

Hand Weapons
 U - the +7 battleaxe "Qounuta" (weapon) {speed, Str+2}
   (Trog gifted it to you on level 3 of the Elven Halls)

   Attacks with this weapon are significantly faster.
   It affects your strength (+2).
Armour
 a - a +3 naga barding of stealth (worn)
 p - a +0 cloak (worn)
 D - the +14 chain mail of Inevitability (worn) {Dex+10}
   (You found it on level 9 of the Dungeon)

   It affects your dexterity (+10).
 E - the +0 Maxwell's etheric cage {RegenMP *Contam rElec MP+4}
   (You bought it in a shop on level 1 of the Elven Halls)

   It insulates you from electricity.
   It affects your magic capacity (+4).
   It causes magical contamination when unequipped.
 T - a +2 pair of gloves (worn)
Magical Staves
 P - an uncursed staff of wizardry {!a}
Rods
 k - a +0 rod of shadows (12/12)
   (You found it on level 3 of the Lair of Beasts)
 r - a +4 rod of clouds (12/12)
   (You found it on level 8 of the Lair of Beasts)
Jewellery
 d - an amulet of clarity (around neck)
 s - a ring of protection from magic (right hand)
 u - a +5 ring of dexterity (left hand)
 y - an uncursed ring of flight
 R - an uncursed ring of protection from cold
 S - an uncursed amulet of faith
Scrolls
 i - 3 scrolls of recharging
 l - 3 scrolls of identify
 m - 2 scrolls of immolation
 n - 5 scrolls of teleportation
 q - 4 scrolls of fear
 w - 6 scrolls of blinking
 K - a scroll of torment
 N - a scroll of summoning
 O - a scroll of fog
 X - 5 scrolls of remove curse
Potions
 b - 2 potions of ambrosia
 f - 2 potions of might
 g - 4 potions of lignification
 j - 2 potions of heal wounds
 x - a potion of magic
 A - 2 potions of agility
 B - 3 potions of brilliance
 I - 6 potions of curing
 J - a potion of beneficial mutation
 Q - 3 potions of haste
 W - 2 potions of berserk rage
 Y - a potion of invisibility
Books
 e - a Grand Grimoire

   Spells                             Type                      Level
   a - Monstrous Menagerie            Summoning                    6
   b - Summon Greater Demon           Summoning                    7
   c - Malign Gateway                 Summoning/Translocation      7
   d - Summon Horrible Things         Summoning                    8
   Trog disapproves of the use of such an item.
 h - a book of Unlife

   Spells                             Type                      Level
   a - Recall                         Summoning/Translocation      3
   b - Animate Dead                   Necromancy                   4
   c - Control Undead                 Necromancy                   4
   d - Cigotuvi's Embrace             Necromancy                   5
   e - Death Channel                  Necromancy                   6
   f - Simulacrum                     Ice/Necromancy               6
   Trog disapproves of the use of such an item.
 o - a book of Cantrips

   Spells                             Type                      Level
   a - Corona                         Hexes                        1
   b - Animate Skeleton               Necromancy                   1
   c - Summon Small Mammal            Summoning                    1
   d - Apportation                    Translocation                1
   Trog disapproves of the use of such an item.
 t - a book of the Warp

   Spells                             Type                      Level
   a - Recall                         Summoning/Translocation      3
   b - Gell's Gravitas                Hexes/Translocation          3
   c - Force Lance                    Conjuration/Translocation    4
   d - Phase Shift                    Translocation                5
   e - Warp Weapon                    Charms/Translocation         5
   f - Summon Forest                  Summoning/Translocation      5
   Trog disapproves of the use of such an item.
 v - a book of Alchemy

   Spells                             Type                      Level
   a - Sublimation of Blood           Necromancy                   2
   b - Ignite Poison                  Fire/Transmutation/Poison    3
   c - Alistair's Intoxication        Transmutation/Poison         4
   d - Condensation Shield            Ice                          4
   e - Petrify                        Transmutation/Earth          4
   f - Irradiate                      Conjuration/Transmutation    5
   Trog disapproves of the use of such an item.
 G - a Fen Folio

   Spells                             Type                      Level
   a - Corpse Rot                     Necromancy                   2
   b - Stone Arrow                    Conjuration/Earth            3
   c - Leda's Liquefaction            Hexes/Earth                  4
   d - Summon Forest                  Summoning/Translocation      5
   e - Hydra Form                     Transmutation                6
   f - Summon Hydra                   Summoning                    7
   Trog disapproves of the use of such an item.
 L - a book of Callings

   Spells                             Type                      Level
   a - Summon Small Mammal            Summoning                    1
   b - Call Imp                       Summoning                    2
   c - Call Canine Familiar           Summoning                    3
   d - Summon Guardian Golem          Hexes/Summoning              3
   e - Summon Lightning Spire         Summoning/Air                4
   f - Summon Ice Beast               Ice/Summoning                4
   Trog disapproves of the use of such an item.
 Z - a book of Conjurations

   Spells                             Type                      Level
   a - Magic Dart                     Conjuration                  1
   b - Searing Ray                    Conjuration                  2
   c - Dazzling Spray                 Conjuration/Hexes            3
   d - Fulminant Prism                Conjuration/Hexes            4
   e - Iskenderun's Mystic Blast      Conjuration                  4
   f - Iskenderun's Battlesphere      Conjuration/Charms           5
   Trog disapproves of the use of such an item.
Miscellaneous
 H - a lamp of fire
 V - a phial of floods
Comestibles
 c - 11 bread rations
 z - 6 slices of pizza
 C - 17 royal jellies
 F - 11 chunks of flesh
 M - 8 meat rations


   Skills:
 + Level 13.3 Fighting
 - Level 22.2 Axes
 + Level 11.2 Armour
 + Level 12.7 Dodging
 - Level 5.2 Evocations


You had 18 spell levels left.
You didn't know any spells.

Dungeon Overview and Level Annotations

Branches:
Dungeon (15/15)            Temple (0/1) D:5            Lair (8/8) D:10
  Swamp (4/4) Lair:5        Snake (4/4) Lair:6        Slime (0/6) Lair:8
    Orc (4/4) D:12            Elf (3/3) Orc:3        Depths (4/5) D:15
 Vaults: D:13-14

Altars:
Cheibriados
Elyvilon
Fedhas
Gozag
Kikubaaqudgha
Nemelex Xobeh
Okawaru
Vehumet
Yredelemnul
The Shining One
Beogh
Jiyva

Shops:
D:5 %   D:7 ((!%   D:8 [   Orc:2 !   Orc:4 ([:*   Elf:1 [   Elf:3 ?

Portals:
Hell: Depths:2
Abyss: Depths:1

Annotations:
D:12 exclusion: obsidian statue
Lair:7 exclusion: oklob plant


Innate Abilities, Weirdness & Mutations

You cannot wear boots.
Your serpentine skin is tough (AC +6).
You have supernaturally acute eyesight.
Armour fits poorly on your strangely shaped body.
Your system is resistant to poisons.
You cover ground very slowly.
You have a slow metabolism.
You can exhale a cloud of poison.
You can use your snake-like lower body to constrict enemies.
You can translocate small distances at will.
You are very frail (-20% HP).
You are weak. (Str -2)


Message History

Okay, then.
Unknown command.
Unknown command.
Use which ability?
Okay, then.
Unknown command.
Unknown command.
Use which ability?
Your skin crawls.
You feel resistant to hostile enchantments.
You feel slightly more hungry.
The spriggan rider hits you from afar with a spear of venom!
You are poisoned.
Unknown command.
Unknown command.
You slice the juggernaut!!
The juggernaut is moderately wounded.
You feel sick. The juggernaut hits you!!!!
Ouch! That really hurt!
You die...

#.# #.# ## #.#
#? #.# #. #.#
#. #.# #i #.#
#C## ##.# #@#
##.## #.##
###.##
##.#######..##
##..[....###
#########


You could see a juggernaut and a spriggan rider.

Vanquished Creatures
  the Lernaean hydra (Swamp:4)
  A caustic shrike (Depths:4)
  A golden dragon (Depths:2)
  Rupert (Lair:3)
  A thorn hunter (Swamp:4)
  A shadow dragon (Depths:4)
  Kirke (Swamp:3)
  A frost giant (Depths:2)
  The ghost of stickyfingers the Bludgeoner, a journeyman MiAE of Yredelemnul (Snake:1)
  7 greater nagas (Snake:4)
  Maud (Lair:4)
  2 orc warlords
  4 fire giants
  6 very ugly things
  3 stone giants
  6 dire elephants (Lair:8)
  3 ettins
  A merfolk impaler (Depths:1)
  A deep elf death mage (Depths:2)
  2 fire dragons
  The ghost of DizzySkin the Bludgeoner, a journeyman MiFi of Okawaru (Lair:2)
  Josephine (Snake:1)
  A minotaur (Lab)
  A yaktaur captain (D:9)
  2 entropy weavers
  2 spriggan air magi
  A rakshasa (Depths:2)
  7 hydras
  2 great orbs of eyes
  9 naga warriors
  6 centaur warriors
  An ice dragon (Depths:1)
  6 anacondas
  3 ogre magi
  A catoblepas (Lair:6)
  A death yak (Lair:5)
  3 tengu warriors
  9 alligators
  A spriggan berserker (Depths:2)
  2 shock serpents
  A titan zombie (D:15)
  2 orc high priests
  10 deep elf knights
  Urug (D:10)
  10 naga sharpshooters (Snake:4)
  2 vampire magi
  A hell knight (Depths:2)
  A sea snake (shapeshifter) (Elf:3)
  A skeletal warrior (D:15)
  3 unseen horrors
  2 spriggan druids
  2 wizards
  A flayed ghost (D:15)
  7 swamp dragons
  11 deep elf summoners
  6 naga ritualists
  A wolf spider zombie (D:14)
  4 mana vipers
  3 hill giants
  A shambling mangrove (Swamp:4)
  15 ugly things
  A necromancer (D:15)
  5 deep elf conjurers
  2 manticores
  4 orc sorcerers
  4 orc knights
  A frost giant zombie (D:15)
  8 elephants
  15 naga magi
  2 cyclopes
  3 centaur zombies
  2 octopodes (shapeshifter)
  2 salamanders
  25 black mambas
  A guardian serpent (shapeshifter) (Depths:2)
  A guardian serpent (Snake:1)
  A torpor snail (shapeshifter) (Depths:1)
  A torpor snail (Lair:5)
  4 centaur skeletons
  A spiny frog (shapeshifter) (D:15)
  17 spiny frogs
  3 gargoyles
  A queen bee (Lair:2)
  A tengu conjurer (Depths:4)
  A fire drake (shapeshifter) (D:14)
  A yaktaur (shapeshifter) (Depths:1)
  3 komodo dragons
  2 fire drakes
  A polar bear (Lair:6)
  A guardian mummy (D:15)
  3 deep elf priests
  4 giant leeches
  4 trolls
  A jumping spider (Depths:1)
  3 bog bodies
  12 two-headed ogres
  8 blink frogs
  31 slime creatures
  A shadow (D:12)
  4 wyverns
  A flying skull (Volcano)
  6 air elementals
  A vampire (D:14)
  A deep troll skeleton (D:15)
  4 wraiths (Snake:1)
  5 redbacks
  3 hogs (Swamp:3)
  16 deep elf magi
  17 yaks
  8 vampire mosquitoes
  8 deep elf fighters
  Eustachio (D:4)
  5 spriggans
  4 water elementals (D:14)
  3 fire bats (Lair:5)
  4 basilisks
  A human (D:7)
  5 hungry ghosts
  25 nagas
  6 hippogriffs
  6 insubstantial wisps
  A mottled dragon (D:14)
  A soldier ant (D:13)
  10 swamp worms
  5 wolves (Lair:5)
  2 wargs
  2 porcupines
  12 water moccasins
  Duvessa (D:4)
  2 ice beasts
  31 orc warriors
  10 swamp drakes
  A sky beast (D:11)
  2 phantoms
  A tengu (shapeshifter) (D:11)
  4 black bears
  2 eyes of draining
  20 ogres
  11 centaurs
  7 wasps
  A yaktaur zombie (D:15)
  9 boggarts
  A brain worm (shapeshifter) (Depths:1)
  A big kobold (D:12)
  16 crocodiles
  10 giant frogs
  Dowan (D:4)
  A wyvern skeleton (D:14)
  2 scorpions
  33 killer bees
  5 wights
  2 giant frog zombies
  3 crimson imps
  4 jellies
  27 orc priests
  31 orc wizards
  7 hounds
  7 iguanas
  6 worker ants
  21 sheep
  11 adders
  26 river rats
  3 shadow imps
  A worm (D:5)
  157 orcs
  4 bats
  5 goblins
  11 jackals
  7 kobolds
  A quokka (D:3)
  A giant cockroach (D:5)
  4 giant geckos
  A giant gecko zombie (D:8)
  3 giant newts
  6 rats
  A butterfly (Lair:2)
  4 fungi
  6 plants
1070 creatures vanquished.

Vanquished Creatures (collateral kills)
  7 hydras
  4 swamp dragons (Swamp:4)
  A shambling mangrove (Swamp:4)
  5 slime creatures (Depths:1)
  A water elemental (D:14)
  2 vampire mosquitoes (Swamp:4)
  A swamp worm (Swamp:4)
  2 insubstantial wisps (Swamp:4)
  A swamp drake (Swamp:4)
  2 wasps (Swamp:4)
26 creatures vanquished.

Vanquished Creatures (others)
  A spriggan druid (Swamp:3)
  A spriggan (Swamp:3)
  A deep elf fighter (Elf:1)
  2 humans
  A fungus (Lair:8)
  17 plants
23 creatures vanquished.

Grand Total: 1119 creatures vanquished

Notes
Turn   | Place    | Note
--------------------------------------------------------------
     0 | D:1      | 4thArraOfDagon the Naga Berserker began the quest for the Orb.
     0 | D:1      | Reached XP level 1. HP: 21/21 MP: 1/1
   270 | D:1      | Reached XP level 2. HP: 21/28 MP: 2/2
   389 | D:3      | Found a white marble altar of Elyvilon.
   392 | D:3      | Reached XP level 3. HP: 32/34 MP: 3/3
   436 | D:3      | Acquired Trog's second power
   482 | D:3      | Reached skill level 4 in Axes
   488 | D:3      | Reached XP level 4. HP: 30/42 MP: 4/4
   534 | D:3      | Found a snail-covered altar of Cheibriados.
   555 | D:4      | Noticed Dowan
   556 | D:4      | Noticed Eustachio
   557 | D:4      | Found an ancient bone altar of Kikubaaqudgha.
   557 | D:4      | Noticed Duvessa
   558 | D:4      | Noticed a human
   561 | D:4      | Killed a human
   575 | D:4      | Killed Duvessa
   575 | D:4      | Reached XP level 5. HP: 50/50 MP: 5/5
   577 | D:4      | Killed Dowan
   577 | D:4      | Reached skill level 5 in Axes
   580 | D:4      | Killed Eustachio
   580 | D:4      | Reached XP level 6. HP: 44/57 MP: 6/6
   661 | D:5      | Entered Level 5 of the Dungeon
   703 | D:5      | Reached skill level 6 in Axes
   703 | D:5      | Reached XP level 7. HP: 60/66 MP: 7/7
   726 | D:5      | Found Gixig's Food Emporium.
   740 | D:5      | Found a staircase to the Ecumenical Temple.
   883 | D:7      | Found Goivaisash's Antique Weapon Boutique.
   890 | D:7      | Bought a runed war axe for 84 gold pieces
   933 | D:7      | Found Bidip's Antique Weapon Shoppe.
   934 | D:7      | Reached skill level 5 in Fighting
   956 | D:7      | Reached skill level 7 in Axes
   978 | D:7      | Reached XP level 8. HP: 46/74 MP: 8/8
  1038 | D:7      | Found Gokkinir's Food Emporium.
  1276 | D:7      | Found an opulent altar of Gozag.
  1303 | D:7      | Noticed a human
  1311 | D:7      | Reached skill level 8 in Axes
  1315 | D:7      | Killed a human
  1368 | D:7      | Found Honedey's Distillery.
  1492 | D:8      | Found a radiant altar of Vehumet.
  1609 | D:8      | Found an iron altar of Okawaru.
  1609 | D:8      | Found a sparkling altar of Nemelex Xobeh.
  1610 | D:8      | Found a glowing golden altar of the Shining One.
  1644 | D:8      | Reached XP level 9. HP: 82/82 MP: 9/9
  1761 | D:8      | Reached skill level 9 in Axes
  1846 | D:9      | Got a pitted chain mail
  1874 | D:9      | Identified the +14 chain mail of Inevitability {Dex+10} (You found it on level 9 of the Dungeon)
  1953 | D:9      | Noticed a yaktaur captain
  1966 | D:9      | Killed a yaktaur captain
  1966 | D:9      | Reached skill level 10 in Axes
  1966 | D:9      | Reached skill level 5 in Armour
  2031 | D:9      | Reached XP level 10. HP: 75/94 MP: 10/10
  2102 | D:10     | Entered Level 10 of the Dungeon
  2139 | D:10     | Noticed Urug
  2157 | D:10     | Killed Urug
  2234 | D:11     | Noticed a cyan ugly thing
  2239 | D:11     | Reached skill level 11 in Axes
  2247 | D:11     | Killed a cyan ugly thing
  2254 | D:11     | Gained mutation: You are agile. (Dex +2) [mutagenic meat]
  2298 | D:11     | Noticed a cyan ugly thing
  2314 | D:11     | Killed a cyan ugly thing
  2320 | D:11     | Gained mutation: You can exhale a cloud of poison. [mutagenic meat]
  2357 | D:11     | Reached skill level 1 in Evocations
  2384 | D:12     | Noticed a hill giant
  2395 | D:12     | Killed a hill giant
  2478 | D:12     | Noticed an obsidian statue
  2500 | D:12     | Reached XP level 11. HP: 82/104 MP: 12/12
  2522 | D:12     | Found a staircase to the Orcish Mines.
  2632 | D:11     | Acquired Trog's third power
  2682 | D:12     | Noticed a cyclops
  2688 | D:12     | Killed a cyclops
  2790 | D:13     | Reached skill level 12 in Axes
  2853 | D:15     | Entered Level 15 of the Dungeon
  2884 | D:14     | Noticed a hill giant
  2901 | D:13     | Killed a hill giant
  2975 | D:14     | Noticed a centaur warrior
  2989 | D:14     | Killed a centaur warrior
  3052 | D:14     | Reached skill level 5 in Dodging
  3169 | D:14     | Reached XP level 12. HP: 94/114 MP: 15/15
  3178 | D:14     | Noticed a tengu warrior
  3180 | D:14     | Noticed a vault guard
  3308 | D:12     | Noticed a hill giant
  3314 | D:12     | Killed a hill giant
  3373 | Orc:1    | Entered Level 1 of the Orcish Mines
  3549 | Orc:2    | Found Lelihorch's Distillery.
  3573 | Orc:2    | Bought a potion of lignification for 45 gold pieces
  3664 | Orc:3    | Found a roughly hewn altar of Beogh.
  3711 | Orc:2    | Received a gift from Trog
  3920 | Orc:2    | Reached skill level 13 in Axes
  4052 | Orc:3    | Found a staircase to the Elven Halls.
  4095 | Orc:3    | Noticed an orc warlord
  4108 | Orc:3    | Killed an orc warlord
  4188 | Orc:4    | Entered Level 4 of the Orcish Mines
  4295 | Orc:4    | Received a gift from Trog
  4486 | Orc:4    | Reached skill level 10 in Fighting
  4590 | Orc:4    | Noticed an orc high priest
  4599 | Orc:4    | Killed an orc high priest
  4600 | Orc:4    | Paralysed by an orc sorcerer for 5 turns
  4610 | Orc:4    | Gained mutation: You can use your snake-like lower body to constrict enemies. [Naga growth]
  4610 | Orc:4    | Reached XP level 13. HP: 99/123 MP: 5/16
  4611 | Orc:4    | Noticed an orc warlord
  4624 | Orc:4    | Killed an orc warlord
  4689 | Orc:4    | Found a roughly hewn altar of Beogh.
  4718 | Orc:4    | Found Vat Geg's Antique Armour Shop.
  4739 | Orc:4    | Bought a pair of glowing gloves for 139 gold pieces
  4744 | Orc:4    | Bought a pair of embroidered gloves for 139 gold pieces
  4762 | Orc:4    | Found Tocic's Antique Weapon Shop.
  4783 | Orc:4    | Found Ficah's Book Shop.
  4798 | Orc:4    | Found Hoympaunn's General Store.
  4806 | Orc:4    | Bought a scroll of acquirement for 676 gold pieces
  4806 | Orc:4    | Bought 2 scrolls of identify for 52 gold pieces
  4806 | Orc:4    | Bought a scroll of identify for 26 gold pieces
  4851 | Elf:1    | Entered Level 1 of the Elven Halls
  4904 | Elf:1    | Reached skill level 14 in Axes
  5138 | Elf:1    | Found Doxir's Armour Boutique.
  5290 | Elf:1    | Reached XP level 14. HP: 77/135 MP: 5/17
  5301 | Elf:1    | Got a polished scale mail
  5342 | Elf:2    | Received a gift from Trog
  5407 | Elf:2    | Found a radiant altar of Vehumet.
  5505 | Elf:3    | Entered Level 3 of the Elven Halls
  5590 | Elf:3    | Received a gift from Trog
  5594 | Elf:3    | Got a bone battleaxe {god gift}
  5595 | Elf:3    | Identified the +7 battleaxe "Qounuta" {speed, Str+2} (Trog gifted it to you on level 3 of the Elven Halls)
  5636 | Elf:3    | Found Iluosh's Magic Scroll Boutique.
  5691 | Elf:1    | Bought the +0 Maxwell's etheric cage {RegenMP *Contam rElec MP+4} for 219 gold pieces
  5741 | Elf:1    | Reached skill level 15 in Axes
  5939 | D:9      | Identified the cursed +1 scale mail of Inviolability {Str-2 Int+7} (You found it on level 1 of the Elven Halls)
  6116 | D:8      | Found Raugih's Antique Armour Shoppe.
  6125 | D:8      | Found a basalt altar of Yredelemnul.
  6178 | D:9      | You fall through a shaft!
  6195 | D:10     | Found a staircase to the Lair.
  6196 | D:10     | Noticed an elephant
  6207 | D:10     | Killed an elephant
  6258 | Lair:1   | Entered Level 1 of the Lair of Beasts
  6409 | Lair:2   | Noticed DizzySkin's ghost (journeyman MiFi)
  6461 | Lair:2   | Killed DizzySkin's ghost
  6463 | Lair:2   | Found a labyrinth entrance.
  6478 | Lab      | Entered a labyrinth
  6536 | Lab      | Reached skill level 10 in Dodging
  7045 | Lair:3   | Identified a +0 rod of shadows (12/12) (You found it on level 3 of the Lair of Beasts)
  7214 | Lair:4   | Gained mutation: You are weak. (Str -2) [potion of mutation]
  7214 | Lair:4   | Gained mutation: You are frail (-10% HP). [potion of mutation]
  7235 | Lair:4   | Received a gift from Trog
  7244 | Lair:4   | Noticed Maud
  7257 | Lair:4   | Killed Maud
  7412 | Lair:5   | Found a dark tunnel.
  7423 | Volcano  | Entered a volcano
  7745 | Lair:7   | Reached skill level 5 in Evocations
  7776 | Lair:7   | Reached XP level 15. HP: 118/127 MP: 18/18
  7848 | Lair:8   | Entered Level 8 of the Lair of Beasts
  7941 | Lair:8   | Found a staircase to the Slime Pits.
  7942 | Lair:8   | Found a viscous altar of Jiyva.
  7947 | Lair:8   | Received a gift from Trog
  8008 | Lair:8   | Received a gift from Trog
  8268 | Lair:8   | Identified a +4 rod of clouds (12/12) (You found it on level 8 of the Lair of Beasts)
  8299 | Lair:8   | Reached skill level 16 in Axes
  8414 | Lair:8   | Reached skill level 10 in Armour
  8601 | Lair:5   | Found a staircase to the Swamp.
  8613 | Swamp:1  | Entered Level 1 of the Swamp
  8792 | Swamp:4  | Entered Level 4 of the Swamp
  9162 | Swamp:4  | Noticed the 27-headed Lernaean hydra
  9165 | Swamp:4  | Noticed a thorn hunter
  9241 | Swamp:2  | Reached XP level 16. HP: 69/137 MP: 19/19
  9278 | Swamp:3  | Received a gift from Trog
  9289 | Swamp:3  | Noticed Kirke
  9303 | Swamp:3  | Killed Kirke
  9406 | Swamp:4  | Killed a thorn hunter
  9417 | Swamp:4  | Killed the 27-headed Lernaean hydra
  9428 | Swamp:4  | Reached skill level 17 in Axes
  9535 | Swamp:4  | Got a decaying rune of Zot
  9702 | Swamp:1  | Gained mutation: You are very weak. (Str -4) [mutagenic glow]
 10040 | Lair:3   | Noticed Rupert
 10050 | Lair:3   | Killed Rupert
 10354 | Lair:6   | Lost mutation: You are agile. (Dex +2) [mutagenic glow]
 10382 | Lair:6   | Found a staircase to the Snake Pit.
 10395 | Lair:6   | Received a gift from Trog
 10423 | Snake:1  | Entered Level 1 of the Snake Pit
 10433 | Snake:1  | Noticed Josephine
 10438 | Snake:1  | Killed Josephine
 10470 | Snake:1  | Noticed stickyfingers's ghost (journeyman MiAE)
 10519 | Lair:6   | HP: 10/210 [14-headed hydra (12)]
 10577 | Snake:1  | Killed stickyfingers's ghost
 10740 | Snake:4  | Entered Level 4 of the Snake Pit
 10788 | Snake:4  | Reached XP level 17. HP: 138/146 MP: 20/20
 10933 | Snake:4  | Reached skill level 18 in Axes
 11087 | Snake:4  | Received a gift from Trog
 11385 | Snake:4  | Reached skill level 19 in Axes
 11624 | Snake:4  | Got a serpentine rune of Zot
 11995 | D:11     | Noticed a manticore
 12001 | D:11     | Killed a manticore
 12078 | D:15     | Gained mutation: You are very frail (-20% HP). [potion of mutation]
 12078 | D:15     | Gained mutation: You can translocate small distances at will. [potion of mutation]
 12078 | D:15     | Lost mutation: You are very weak. (Str -4) [potion of mutation]
 12104 | D:15     | Noticed an ogre mage
 12121 | D:15     | Killed an ogre mage
 12153 | D:15     | Noticed an ogre mage
 12172 | D:15     | Killed an ogre mage
 12221 | D:14     | Noticed a vault guard
 12247 | D:14     | You fall through a shaft!
 12274 | D:15     | Reached skill level 20 in Axes
 12305 | D:15     | Noticed an unseen horror
 12306 | D:15     | Noticed a titan zombie
 12310 | D:15     | Killed an unseen horror
 12316 | D:15     | Noticed a necromancer
 12334 | D:15     | Killed a titan zombie
 12335 | D:15     | Killed a necromancer
 12339 | D:15     | Noticed a skeletal warrior
 12340 | D:15     | Found a staircase to the Depths.
 12347 | D:15     | Killed a skeletal warrior
 12349 | D:15     | Noticed a flayed ghost
 12353 | D:15     | Killed a flayed ghost
 12365 | D:15     | Noticed an unseen horror
 12378 | D:15     | Killed an unseen horror
 12416 | Depths:1 | Entered Level 1 of the Depths
 12437 | Depths:1 | Reached XP level 18. HP: 92/136 MP: 21/21
 12639 | Depths:1 | Received a gift from Trog
 12755 | Depths:1 | Found a one-way gate to the infinite horrors of the Abyss.
 12801 | Depths:1 | Reached skill level 21 in Axes
 12858 | Depths:2 | Found a gateway to Hell.
 13124 | Depths:2 | Noticed a golden dragon
 13134 | Depths:2 | Killed a golden dragon
 13166 | Depths:2 | Identified the Incunabulum of Cloudy Transmutation (You found it on level 2 of the Depths)
 13377 | Depths:2 | Reached skill level 22 in Axes
 13542 | Depths:3 | Found a blossoming altar of Fedhas.
 13651 | Depths:4 | Reached XP level 19. HP: 142/142 MP: 22/22
 13784 | Depths:4 | Noticed a caustic shrike
 13794 | Depths:4 | Noticed a juggernaut
 13796 | Depths:4 | Killed a caustic shrike
 13805 | Depths:4 | Mangled by a juggernaut

Vault maps used:
D:1:      dpeg_arrival_prison
D:2:      nicolae_ru_great_annihilating_truth, roderic_lattice_a, uniq_terence,
          uniq_sigmund
D:3:      cheibriados_altar_1, elyvilon_altar_3
D:4:      nicolae_overflow_crystal_walls, first_bread, serial_undead,
          serial_undead_e, serial_undead_f, serial_undead_b, serial_undead_d,
          serial_undead_c, serial_undead_f, serial_undead_b, serial_undead_a,
          tgw_kikubaaqudgha, uniq_crazy_yiuf_cottage, uniq_eustachio,
          uniq_blork_the_orc, uniq_duvessa
D:5:      grunt_temple_overflow_growth_and_decay, minmay_temple_entry_grid,
          serial_shops, nicolae_shop_stone
D:6:      kennysheep_mini_moat, fedhas_altar_2
D:7:      lemuel_round_altar, serial_shops, nicolae_shop_behind_doors,
          nicolae_shop_stone, kennysheep_little_box, shop, shop_statue,
          grunt_livestock
D:8:      gammafunk_temple_overflow_claw, vehumet_altar_wand_db, basic_altar,
          serial_shops, shop, minmay_liquid_box, serial_bayou_pond_e,
          kennysheep_generic_room_4
D:9:      evilmike_minifort
D:10:     david_lair_generic, amethyst_killhole, uniq_urug
D:11:     uniq_snorg
D:12:     orc_0_dummy, minmay_statue_bubble
D:14:     wad_river_or_something, grunt_vaults_entry_fortified
D:15:     gammafunk_depths_entry_grave, tso_altar
Lair:2:   portal_ice_cave_entry_imps, lab_entry_generic, grunt_megastairs_3,
          lemuel_fruit_fields, lemuel_fruit_fields
Lair:3:   st_stairs_6, uniq_rupert
Lair:4:   lemuel_fruit_fields, uniq_maud
Lair:5:   swamp_mist_pool, nicolae_volcano_entry_batcave, beast_lair_carwin_9,
          bh_autumn_forest_stairs
Lair:6:   minmay_snake_entry_guardpost_large
Lair:7:   nicolae_quartered_pool_little
Lair:8:   due_jungle_book, slime_altar_1, lemuel_fruit_fields
Swamp:1:  evilmike_swamp_ruin_rubble_2, infiniplex_staircase_pool_2,
          uniq_frances
Swamp:2:  nicolae_swamp_stair_fork, nicolae_swamp_fairy_circle
Swamp:3:  evilmike_swamp_ruin_house_1, uniq_kirke
Swamp:4:  swamp_old_school, swamp_pool5
Snake:1:  uniq_josephine
Snake:2:  hangedman_cross_stitches
Snake:3:  grunt_megastairs_4
Snake:4:  snake_pit
Orc:2:    serial_shops, shop
Orc:3:    basic_altar, nicolae_orc_pool_cavern
Orc:4:    grunt_orc_cross, mines3_lemuel
Elf:1:    eino_elf_arrival_the_gate, serial_shops, nicolae_shop_crystal,
          minmay_elf_crystal_hexagon
Elf:2:    basic_altar
Elf:3:    elf_hall, serial_shops, shop, spider_trap
Depths:1: pf_vacation_house_of_asmodeus, serial_bayou_lagoon_a,
          abyss_entry_crystal, minislime_mu
Depths:2: minmay_stepped, minmay_misc_feat_plants, hell_entry
Depths:3: nooodl_glass_maze, old_standard_altar, grunt_pan_entry_spiral,
          hell_entry, uniq_jorgrun
Depths:4: grunt_deathspiral_small, enter_ziggurat_a, minmay_room_of_horrors,
          grunt_hell_entry_dis_mu, minmay_staircase_statues
Lab:      labyrinth_watery, nicolae_lab_grate, nicolae_lab_garden,
          labyrinth_skeletal_remains, nicolae_lab_t_cross, labyrinth_glass_1
Volcano:  volcano_tomb

Action                   |  1- 3 |  4- 6 |  7- 9 | 10-12 | 13-15 | 16-18 | 19-21 || total
-------------------------+-------+-------+-------+-------+-------+-------+-------++-------
Melee: Hand axe          |    50 |    28 |   127 |   111 |       |       |       ||   316
       War axe           |       |       |    82 |   347 |       |       |       ||   429
       Battleaxe         |       |       |       |   162 |   926 |  1129 |    45 ||  2262
       Executioner's axe |       |       |       |    23 |       |       |       ||    23
Throw: Throwing net      |       |     1 |       |       |       |       |       ||     1
Invok: Berserk           |     1 |     2 |     9 |    10 |     5 |    14 |     1 ||    42
       Trog's Hand       |       |     1 |    13 |    14 |    13 |    50 |     2 ||    93
       Brothers in Arms  |       |       |       |     1 |     2 |     9 |       ||    12
 Abil: Spit Poison       |    15 |     7 |    14 |       |       |       |       ||    36
       Breathe Poison Ga |       |       |       |    16 |     8 |       |       ||    24
Evoke: Wand              |       |       |       |     1 |     3 |     9 |       ||    13
       Rod               |       |       |       |       |     5 |     1 |       ||     6
       Deck              |       |       |       |       |     4 |       |       ||     4
       Lamp of fire      |       |       |       |       |     1 |     1 |       ||     2
  Use: Scroll            |       |       |     5 |     3 |    27 |     3 |       ||    38
       Potion            |       |       |     2 |     1 |     2 |     4 |       ||     9
 Stab: Confused          |       |       |       |       |     3 |       |       ||     3
       Petrifying        |       |       |       |       |       |     2 |       ||     2
       Petrified         |       |       |       |       |       |     2 |       ||     2
  Eat: Chunk             |       |     3 |    13 |    27 |    12 |    23 |     1 ||    79
       Royal jelly       |       |       |     1 |       |       |       |       ||     1
       Fruit             |       |       |       |       |    12 |       |       ||    12
       Meat ration       |       |       |       |       |     1 |       |       ||     1
       Beef jerky        |       |       |       |       |     2 |     7 |       ||     9
       Pizza             |       |       |       |       |       |     3 |       ||     3
